 Dungeon Crawl Stone Soup version 0.19-a0-1672-g679cadd (webtiles) character file.

364 Amnesiac the Cudgeler (level 7, 0/44 HPs)
             Began as a Halfling Gladiator on Sept 22, 2016.
             Succumbed to zkyp's ghost's poison
             ... while paralysed
             ... on level 5 of the Dungeon.
             The game lasted 00:02:03 (992 turns).

Amnesiac the Cudgeler (Halfling Gladiator)           Turns: 992, Time: 00:02:04

Health: 0/44       AC:  4    Str: 17      XL:     7   Next: 0%
Magic:  7/7        EV:  3    Int:  6      God:
Gold:   31         SH:  0    Dex: 14 (16) Spells: 0 memorised, 6 levels left

rFire  . . .     SeeInvis .     a - +1 flail
rCold  . . .     Gourm    .     b - +0 leather armour
rNeg   . . .     Faith    .     (shield restricted)
rPois  .         Spirit   .     c - +0 helmet
rElec  .         Dismiss  .     (no cloak)
rCorr  .         Reflect  .     (no gloves)
MR     .....     Harm     .     (no boots)
Stlth  +.........               (no amulet)
                                (no ring)
                                (no ring)

@: paralysed, lethally poisoned (0 -> -4), exhausted, flying, slowed
A: mutation resistance 1
a: no special abilities


You were on level 5 of the Dungeon.
You were hungry.

You visited 1 branch of the dungeon, and saw 5 of its levels.

You collected 31 gold pieces.

Inventory:

Hand Weapons
 a - a +1 flail (weapon)
Missiles
 d - 2 throwing nets (quivered)
Armour
 b - a +0 leather armour (worn)
 c - a +0 helmet (worn)
Scrolls
 h - a scroll of remove curse
Potions
 n - a potion of degeneration
 o - a potion of lignification {unknown}
 p - a potion of brilliance
Comestibles
 f - 3 bread rations


   Skills:
 - Level 1.7 Fighting
 + Level 6.6 Maces & Flails
 - Level 2.0 Throwing
 - Level 3.2 Dodging


You had 6 spell levels left.
You didn't know any spells.

Dungeon Overview and Level Annotations

Branches:
Dungeon (5/15)
 Temple: D:4-7

Altars:

Portals:
Sewer: D:5


Innate Abilities, Weirdness & Mutations

You are small and have problems with some larger weapons.
You are somewhat resistant to further mutation.


Message History

Your experience leads to an increase in your attributes!
Your base attributes are Str 16, Int 6, Dex 16.
Increase (S)trength, (I)ntelligence, or (D)exterity?
You feel stronger.
You have reached level 7!
* * * LOW HITPOINT WARNING * * *
You feel sick.
You feel a strong urge to attack something.
* * * LOW HITPOINT WARNING * * *
You feel sick.
You feel your anger subside.
* * * LOW HITPOINT WARNING * * *
You feel sick.
You are no longer berserk.
You pass out from exhaustion.
You feel yourself slow down.
You are feeling hungry.
* * * LOW HITPOINT WARNING * * *
You feel sick.
You die...

#....###....#......
#...###.........#
#.............##
#.#######....## .
##.#≈≈≈≈≈#....# #.
#..+s≈∩≈≈#....#### #.#
##..#s≈SSS#.......###.#
#...#######...........##
#.#....@.......####.....
#..#######......# ##.#.#
...# #.....## #..#. #..#
.......# #.... ###
...#....# #....
..#####...# ##..# .
#...# ##..#
#....#####..##
..........


You could see 3 adders and 2 giant cockroaches.

Vanquished Creatures
  The ghost of zkyp the Basher, a novice OpGl (D:5)
  A crimson imp (D:5)
  A centaur skeleton (D:5)
  A worker ant (D:3)
  An adder (D:3)
  2 leopard geckos
  A giant cockroach (D:2)
  A hobgoblin (D:2)
  A kobold (D:1)
  2 quokkas
  A ball python (D:3)
  2 bats
  A goblin (D:1)
  2 rats (D:1)
18 creatures vanquished.

Notes
Turn   | Place    | Note
-------+----------+-------------------------------------------
     0 | D:1      | Amnesiac the Halfling Gladiator began the quest for the Orb.
     0 | D:1      | Reached XP level 1. HP: 14/14 MP: 1/1
   142 | D:1      | Reached skill level 3 in Maces & Flails
   160 | D:2      | Reached XP level 2. HP: 19/19 MP: 2/2
   297 | D:3      | Reached XP level 3. HP: 16/24 MP: 3/3
   589 | D:3      | Reached skill level 4 in Maces & Flails
   589 | D:3      | Reached XP level 4. HP: 6/29 MP: 4/4
   862 | D:4      | Noticed a slave
   865 | D:5      | Entered Level 5 of the Dungeon
   936 | D:5      | Reached skill level 5 in Maces & Flails
   936 | D:5      | Reached XP level 5. HP: 26/34 MP: 5/5
   939 | D:5      | Found a glowing drain.
   946 | D:5      | Noticed zkyp's ghost (novice OpGl)
   984 | D:5      | Killed zkyp's ghost
   984 | D:5      | Reached skill level 6 in Maces & Flails
   984 | D:5      | Reached XP level 6. HP: 4/39 MP: 6/6
   984 | D:5      | Reached XP level 7. HP: 5/44 MP: 7/7
   986 | D:5      | HP: 3/66 [poisoned by zkyp's ghost]
   990 | D:5      | HP: 1/44 [poisoned by zkyp's ghost]
   992 | D:5      | Succumbed to zkyp's ghost's poison

Vault maps used:
D:1:      evilmike_arrival_fibonacci_small
D:2:      uniq_terence, uniq_iyjb
D:3:      old_standard_altar, first_bread, nicolae_dithmenos_shadow_blocks
D:4:      grunt_temple_overflow_open, uniq_pikel
D:5:      gup_sewer_entry_glass

Skill      XL: |  1  2  3  4  5 |
---------------+----------------+-----
Maces & Flails | 3 4 5 6 |  6.6
Fighting       | |  1.7
Throwing       | |  2.0
Dodging        | |  3.2

Action                   |  1- 3 |  4- 6 |  7- 9 || total
-------------------------+-------+-------+-------++-------
Melee: Flail             |    46 |    15 |       ||    61
Throw: Throwing net      |     1 |       |       ||     1
  Use: Scroll            |     2 |     3 |       ||     5
       Potion            |       |     3 |       ||     3
Armor: Leather armour    |    16 |     3 |       ||    19
Dodge: Dodged            |    53 |    10 |       ||    63
